 Dungeon Crawl Stone Soup version 0.28.0 (webtiles) character file.

Game seed: 10363017145826760262

206 PoweredByGinger the Chopper (level 5, -6/33 HPs)
             Began as a Gargoyle Fighter on Feb 9, 2022.
             Mangled by an ogre (17 damage)
             ... on level 3 of the Dungeon on Feb 10, 2022.
             The game lasted 00:02:49 (2998 turns).

PoweredByGinger the Chopper (Gargoyle Fighter)      Turns: 2998, Time: 00:02:51

Health: -6/33      AC: 12    Str: 22    XL:     5   Next: 84%
Magic:  5/5        EV:  9    Int:  8    God:
Gold:   126        SH:  4    Dex:  9    Spells: 4/4 levels left

rFire   . . .      SeeInvis .   a - +0 war axe
rCold   . . .      Faith    .   c - +0 buckler
rNeg    + . .      Spirit   .   b - +0 scale mail
rPois   ∞          Reflect  .   (no helmet)
rElec   +          Harm     .   (no cloak)
rCorr   .          Rampage  .   p - +0 pair of gloves
Will    .....                   (no boots)
Stlth   ..........              (no amulet)
HPRegen 0.11/turn               (no ring)
MPRegen 0.09/turn               (no ring)

@: no status effects
A: sickness immunity, AC +4, negative energy resistance 1, electricity
resistance, torment resistance 1, petrification resistance
a: no special abilities


You were on level 3 of the Dungeon.
You visited 1 branch of the dungeon, and saw 3 of its levels.

You collected 126 gold pieces.

Inventory:

Hand Weapons
 a - a +0 war axe (weapon)
Missiles
 k - 50 bolts
 l - 3 javelins (quivered)
 n - 32 arrows
Armour
 b - a +0 scale mail (worn)
 c - a +0 buckler (worn)
 p - a +0 pair of gloves (worn)
Scrolls
 f - a scroll of enchant weapon {unknown}
 g - 2 scrolls of amnesia {unknown}
 j - 2 scrolls of teleportation {unknown}
 m - a scroll of vulnerability {unknown}
 o - a scroll of blinking {unknown}
 q - a scroll of noise {unknown}
Potions
 d - a potion of might
 e - a potion of invisibility {unknown}
 h - 2 potions of heal wounds {unknown}
 i - a potion of attraction {unknown}
 r - a potion of lignification {unknown}
 s - a potion of mutation {unknown}


   Skills:
 + Level 3.6 Fighting
 * Level 5.1 Axes
 - Level 3.2 Armour
 - Level 3.2 Shields


You had 4 spell levels left.
You didn't know any spells.
Your spell library was empty.

Dungeon Overview and Level Annotations

Branches:
Dungeon (3/15)

Altars:


Innate Abilities, Weirdness & Mutations

You are immune to sickness and miasma.
Your stone body is resilient. (AC +4)
You are immune to poison.
You resist negative energy. (rN+)
You are resistant to electric shocks. (rElec)
You are resistant to unholy torment.
You are immune to petrification.


Message History

The jackal bites you but does no damage.
You block the jackal's attack.
There is a stone staircase leading up here.
The jackal barely misses you.
You climb upwards.
There is a stone staircase leading down here.
You slash the jackal!
You kill the jackal!
No target in view!
No target in view!
You start resting.
HP restored.
You climb downwards.
The ogre hits you but does no damage.
There is a stone staircase leading up here.
Unknown command.
You slash the ogre!
The ogre is heavily wounded.
The ogre hits you but does no damage. The quokka closely misses you.
You hit the ogre but do no damage.
The ogre is heavily wounded.
You miss the quokka. You block the quokka's attack.
The ogre hits you with a +0 giant spiked club!
The quokka bites you but does no damage.
You hit the ogre.
The ogre is severely wounded.
You hit the quokka but do no damage. The quokka closely misses you.
You block the ogre's attack.
You hit the ogre.
The ogre is almost dead.
You closely miss the quokka. You block the quokka's attack.
The ogre hits you with a +0 giant spiked club!
The quokka bites you but does no damage.
You are too injured to fight recklessly!
You hit the ogre but do no damage.
The ogre is almost dead.
You barely miss the quokka.
The quokka bites you but does no damage.
The ogre hits you with a +0 giant spiked club!
Ouch! That really hurt!
You die...

#.......###...#>..#.......
#.####..###....###........
#.####..#.................
#.##....>....<.###........
#.##.#..#.#...............
#............##...........
####.####.#.###.#...#...#.
####.####.#.###..###..#..#
#.†O...)#@#.##...#(#.###.#
#.##.##.r.O......##'.....'
.. .)##.##..#...#...#####.
... ..##.......).....# #.
.r. ...##.#####.()....+ #.
.. #####.#####.......# #.
. .........#.#...#####.
##.#######..##'.....+
######.# #.##..#


You could see an ogre and a quokka.

Vanquished Creatures
  A bullfrog skeleton (D:3)
  Robin (D:2)
  4 gnolls
  4 adders (D:2)
  2 worms (D:3)
  5 orcs
  6 ball pythons
  4 endoplasms
  17 goblins
  6 hobgoblins (D:1)
  3 jackals
  2 quokkas (D:2)
  9 bats
  5 frilled lizards
  7 kobolds
  10 rats
  A spectral hobgoblin (D:1)
87 creatures vanquished.

Vanquished Creatures (others)
  A rat (D:2)
1 creature vanquished.

Grand Total: 88 creatures vanquished

Notes
Turn   | Place    | Note
-------+----------+-------------------------------------------
     0 | D:1      | PoweredByGinger the Gargoyle Fighter began the quest for
                  | the Orb.
     0 | D:1      | Reached XP level 1. HP: 14/14 MP: 1/1
    72 | D:1      | Reached skill level 2 in Axes
   382 | D:1      | Reached XP level 2. HP: 19/19 MP: 2/2
   719 | D:1      | Found a faded altar of an unknown god.
   793 | D:1      | Reached skill level 3 in Axes
  1034 | D:1      | Reached XP level 3. HP: 21/23 MP: 3/3
  1726 | D:2      | Reached XP level 4. HP: 28/28 MP: 4/4
  1740 | D:2      | Noticed Robin
  1758 | D:1      | Reached skill level 4 in Axes
  2133 | D:2      | Killed Robin
  2134 | D:2      | Reached XP level 5. HP: 29/32 MP: 5/5
  2747 | D:3      | Reached skill level 5 in Axes
  2839 | D:3      | Noticed an ogre
  2998 | D:3      | Mangled by an ogre

Illustrated notes

Levels and vault maps discovered:
D:1:      sevenhm_arrival_forest_fort_small_6, layout_basic,
          dreamdust_ecumenical_altar_drowned_temple
D:2:      kennysheep_six_static_rooms, layout_basic, uniq_robin
D:3:      layout_loops_cross, minmay_fractal_squares_diagonal_5

Skill      XL: |  1  2  3  4  5 |
---------------+----------------+-----
Axes           | 2 3 4 5 |  5.1
Fighting       | |  3.6
Armour         | |  3.2
Shields        | |  3.2

Action                   |  1- 3 |  4- 6 || total
-------------------------+-------+-------++-------
Melee: War axe           |   122 |   110 ||   232
Armor: Scale mail        |    78 |    89 ||   167
Dodge: Dodged            |    74 |    68 ||   142
Block: Buckler           |    28 |    30 ||    58
